IL
GWINNETT BRAVES @ INDIANAPOLIS INDIANS
05/29/2098
 
TOP OF THE 1ST
Gwinnett Braves batting - Pitching for Indianapolis Indians : RHP Russ Einhorn
Pitching: RHP Russ Einhorn
Batting: RHB Jonathan Allen 0-0: Ball
1-0: Ball
2-0: Ball
3-0: Called Strike
3-1: Foul Ball, location: 3SF
3-2: Base on Balls
Batting: RHB Arthur Dennis 0-0: Called Strike
0-1: Swinging Strike
0-2: Foul Ball, location: 9LDF
0-2: Ball
1-2: Ball
2-2: Strikes out swinging
Batting: LHB Colin Garton 0-0: Ball
1-0: Fly out, F4 (Popup, 13, EV 74.4 MPH)
Batting: RHB Nate Kovar 0-0: Ball
1-0: SINGLE (Line Drive, 9S, EV 101.9 MPH)
Jonathan Allen to second
Batting: LHB Casey Faler 0-0: Ball
1-0: Foul Ball, location: 3F
1-1: Swinging Strike
1-2: Ball
2-2: Ball
3-2: Ground out 4-3 (Groundball, 4M, EV 82.5 MPH)
Top of the 1st over - 0 runs, 1 hit, 0 errors, 2 left on base; Gwinnett 0 - Indianapolis 0
BOTTOM OF THE 1ST
Indianapolis Indians batting - Pitching for Gwinnett Braves : RHP Pat Kirkland
Pitching: RHP Pat Kirkland
Batting: LHB Phil Samsa 0-0: Ball
1-0: Called Strike
1-1: Foul Ball, location: 2F
1-2: Strikes out swinging
Batting: RHB Kevin Wallace 0-0: Ball
1-0: Ball
2-0: Ball
3-0: Base on Balls
Batting: RHB Santos Vazquez 0-0: Foul Ball, location: 23F
0-1: Called Strike
0-2: Strikes out swinging
Batting: LHB Travis Hicks 0-0: Foul Ball, location: 2F
0-1: Foul Ball, location: 9LDF
0-2: Foul Ball, location: 5F
0-2: Foul Ball, location: 5F
0-2: DOUBLE (Line Drive, 7LS, EV 105.6 MPH)
Kevin Wallace to third
Batting: RHB Mike Mellor 0-0: Ball
1-0: Ball
2-0: Ball
3-0: Called Strike
3-1: Foul Ball, location: 7LMF
3-2: Foul Ball, location: 2F
3-2: DOUBLE (Flyball, 78XD, EV 111.9 MPH)
Kevin Wallace scores
Travis Hicks scores
Batting: RHB Andreas Frick 0-0: Called Strike
0-1: Foul Ball, location: 2F
0-2: Ball
1-2: Strikes out swinging
Bottom of the 1st over - 2 runs, 2 hits, 0 errors, 1 left on base; Gwinnett 0 - Indianapolis 2
TOP OF THE 2ND
Gwinnett Braves batting - Pitching for Indianapolis Indians : RHP Russ Einhorn
Batting: RHB Jorge Figueira 0-0: Foul Ball, location: 2F
0-1: Ball
1-1: Fly out, F8 (Flyball, 8RM, EV 93.8 MPH)
Batting: RHB Eduardo Pabon 0-0: Ball
1-0: Ball
2-0: Foul Ball, location: 3F
2-1: Ground out 6-3 (Groundball, 6, EV 82.5 MPH)
Batting: RHB Jake Cummings 0-0: Ball
1-0: Foul Ball, location: 7LSFF
1-1: Swinging Strike
1-2: Strikes out swinging
Top of the 2nd over - 0 runs, 0 hits, 0 errors, 0 left on base; Gwinnett 0 - Indianapolis 2
BOTTOM OF THE 2ND
Indianapolis Indians batting - Pitching for Gwinnett Braves : RHP Pat Kirkland
Batting: RHB Jon Velasquez 0-0: Foul Ball, location: 2F
0-1: Foul Ball, location: 3F
0-2: Foul Ball, location: 2F
0-2: Ball
1-2: Ball
2-2: Foul Ball, location: 3F
2-2: DOUBLE (Groundball, 5L, EV 103.1 MPH)
Batting: SHB Bob Peterson 0-0: Called Strike
0-1: Ball
1-1: Called Strike
1-2: Ball
2-2: Ground out 5-3 (Groundball, 56, EV 106.9 MPH)
Batting: RHB Brett Dunlap 0-0: Ball
1-0: Foul Ball, location: 9LMF
1-1: Ground out 4-3 (Groundball, 4MS, EV 88.1 MPH)
Jon Velasquez to third
Batting: LHB Phil Samsa 0-0: Ball
1-0: Ball
2-0: DOUBLE (Flyball, 89D, EV 90.6 MPH)
Jon Velasquez scores
Batting: RHB Kevin Wallace 0-0: Ball
1-0: Foul Ball, location: 2F
1-1: Ball
2-1: Swinging Strike
2-2: Foul Ball, location: 25FF
2-2: Strikes out swinging
Bottom of the 2nd over - 1 run, 2 hits, 0 errors, 1 left on base; Gwinnett 0 - Indianapolis 3
TOP OF THE 3RD
Gwinnett Braves batting - Pitching for Indianapolis Indians : RHP Russ Einhorn
Batting: SHB Bobby Troutt 0-0: Swinging Strike
0-1: Ball
1-1: Ball
2-1: Foul Ball, location: 2F
2-2: Ball
3-2: Fly out, F7 (Flyball, 7LM, EV 102.5 MPH)
Batting: RHB Jonathan Allen 0-0: Ball
1-0: Ball
2-0: Foul Ball, location: 25F
2-1: Called Strike
2-2: Foul Ball, location: 2F
2-2: Strikes out swinging
Batting: RHB Arthur Dennis 0-0: Ball
1-0: Ball
2-0: Ball
3-0: Base on Balls
Batting: LHB Colin Garton 0-0: Called Strike
0-1: Ball
1-1: Called Strike
1-2: Ball
2-2: Fly out, F8 (Flyball, 8RM, EV 90.6 MPH)
Top of the 3rd over - 0 runs, 0 hits, 0 errors, 1 left on base; Gwinnett 0 - Indianapolis 3
BOTTOM OF THE 3RD
Indianapolis Indians batting - Pitching for Gwinnett Braves : RHP Pat Kirkland
Batting: RHB Santos Vazquez 0-0: Ball
1-0: Called Strike
1-1: Called Strike
1-2: Strikes out swinging
Batting: LHB Travis Hicks 0-0: Ball
1-0: Ball
2-0: Foul Ball, location: 2F
2-1: Fly out, F4 (Popup, 34S, EV 80.0 MPH)
Batting: RHB Mike Mellor 0-0: Called Strike
0-1: Ball
1-1: Foul Ball, location: 2F
1-2: Strikes out swinging
Bottom of the 3rd over - 0 runs, 0 hits, 0 errors, 0 left on base; Gwinnett 0 - Indianapolis 3
TOP OF THE 4TH
Gwinnett Braves batting - Pitching for Indianapolis Indians : RHP Russ Einhorn
Batting: RHB Nate Kovar 0-0: Ball
1-0: Called Strike
1-1: SINGLE (Groundball, 5D, EV 110.6 MPH)
Batting: LHB Casey Faler 0-0: Called Strike
0-1: Called Strike
0-2: Strikes out swinging
Batting: RHB Jorge Figueira 0-0: Called Strike
Nate Kovar is caught stealing 2nd base 2-4
0-1: Ball
1-1: Swinging Strike
1-2: Ball
2-2: Ball
3-2: Foul Ball, location: 2F
3-2: Foul Ball, location: 9LDF
3-2: Foul Ball, location: 5F
3-2: Foul Ball, location: 5F
3-2: Base on Balls
Batting: RHB Eduardo Pabon 0-0: Fly out, F9 (Flyball, 89M, EV 95.0 MPH)
Top of the 4th over - 0 runs, 1 hit, 0 errors, 1 left on base; Gwinnett 0 - Indianapolis 3
BOTTOM OF THE 4TH
Indianapolis Indians batting - Pitching for Gwinnett Braves : RHP Pat Kirkland
Batting: RHB Andreas Frick 0-0: Called Strike
0-1: Ball
1-1: Ball
2-1: Ball
3-1: Base on Balls
Batting: RHB Jon Velasquez 0-0: Foul Ball, location: 3F
0-1: Called Strike
0-2: Ball
1-2: Ball
2-2: Fly out, F8 (Flyball, 8RD, EV 93.8 MPH)
Batting: SHB Bob Peterson 0-0: Ball
1-0: Swinging Strike
1-1: Ball
2-1: Foul Ball, location: 2F
2-2: Ball
3-2: Base on Balls
Andreas Frick to second
Batting: RHB Brett Dunlap 0-0: Called Strike
0-1: Swinging Strike
0-2: Ball
1-2: Ball
2-2: Foul Ball, location: 9LMF
2-2: Fielders Choice at 2nd, 6-4 (Groundball, 6, EV 81.9 MPH)
Andreas Frick to third
Batting: LHB Phil Samsa 0-0: Ball
1-0: Swinging Strike
1-1: Ball
2-1: Fielders Choice at 2nd, 6-4 (Groundball, 6, EV 103.1 MPH)
Bottom of the 4th over - 0 runs, 0 hits, 0 errors, 2 left on base; Gwinnett 0 - Indianapolis 3
TOP OF THE 5TH
Gwinnett Braves batting - Pitching for Indianapolis Indians : RHP Russ Einhorn
Batting: RHB Jake Cummings 0-0: Fly out, F4 (Popup, 34S, EV 73.8 MPH)
Batting: SHB Bobby Troutt 0-0: SOLO HOME RUN (Flyball, 9LD, EV 89.4 MPH), Distance : 325 ft
Batting: RHB Jonathan Allen 0-0: Ball
1-0: Swinging Strike
1-1: Ball
2-1: Ball
3-1: Foul Ball, location: 5FF
3-2: Foul Ball, location: 3DF
3-2: Strikes out looking
Batting: RHB Arthur Dennis 0-0: Ball
1-0: Ground out 5-3 (Groundball, 56S, EV 86.9 MPH)
Top of the 5th over - 1 run, 1 hit, 0 errors, 0 left on base; Gwinnett 1 - Indianapolis 3
BOTTOM OF THE 5TH
Indianapolis Indians batting - Pitching for Gwinnett Braves : RHP Pat Kirkland
Batting: RHB Kevin Wallace 0-0: Ball
1-0: Called Strike
1-1: Ball
2-1: Foul Ball, location: 9LDF
2-2: Ball
3-2: Foul Ball, location: 9LDF
3-2: Base on Balls
Batting: RHB Santos Vazquez 0-0: Ball
1-0: Ball
2-0: Foul Ball, location: 3F
2-1: Ball
3-1: Called Strike
3-2: Base on Balls
Kevin Wallace to second
Batting: LHB Travis Hicks 0-0: Called Strike
0-1: Ball
1-1: Called Strike
1-2: Foul Ball, location: 7LDF
1-2: Strikes out swinging
Batting: RHB Mike Mellor 0-0: Foul Ball, location: 5F
0-1: Foul Ball, location: 2F
0-2: Fly out, F6 (Line Drive, 6, EV 57.5 MPH)
Batting: RHB Andreas Frick 0-0: Swinging Strike
0-1: Swinging Strike
0-2: Ball
1-2: Ground out 4-3 (Groundball, 4, EV 79.4 MPH)
Bottom of the 5th over - 0 runs, 0 hits, 0 errors, 2 left on base; Gwinnett 1 - Indianapolis 3
TOP OF THE 6TH
Gwinnett Braves batting - Pitching for Indianapolis Indians : RHP Russ Einhorn
Batting: LHB Colin Garton 0-0: Called Strike
0-1: Ball
1-1: Ball
2-1: SINGLE (Line Drive, 7S, EV 102.5 MPH)
Pitching: RHP Taurino Ramirez
Batting: RHB Nate Kovar 0-0: Called Strike
0-1: Called Strike
0-2: Ball
1-2: Strikes out swinging
Batting: LHB Casey Faler 0-0: Called Strike
0-1: Foul Ball, location: 2F
0-2: Ball
1-2: Strikes out swinging
Batting: RHB Jorge Figueira 0-0: Ball
1-0: Ball
2-0: Ball
3-0: Called Strike
3-1: Base on Balls
Colin Garton to second
Batting: RHB Eduardo Pabon 0-0: Ground out U3 (Groundball, 34, EV 88.1 MPH)
Top of the 6th over - 0 runs, 1 hit, 0 errors, 2 left on base; Gwinnett 1 - Indianapolis 3
BOTTOM OF THE 6TH
Indianapolis Indians batting - Pitching for Gwinnett Braves : RHP Pat Kirkland
Pitching: RHP Mark Weeks
Batting: RHB Jon Velasquez 0-0: Called Strike
0-1: Called Strike
0-2: Fly out, F8 (Flyball, 8LD, EV 111.3 MPH)
Batting: SHB Bob Peterson 0-0: Foul Ball, location: 2F
0-1: Ground out 1-3 (Groundball, 13S, EV 66.3 MPH)
Batting: RHB Brett Dunlap 0-0: Foul Ball, location: 3SF
0-1: Ball
1-1: Foul Ball, location: 9LSF
1-2: Strikes out swinging
Bottom of the 6th over - 0 runs, 0 hits, 0 errors, 0 left on base; Gwinnett 1 - Indianapolis 3
TOP OF THE 7TH
Gwinnett Braves batting - Pitching for Indianapolis Indians : RHP Taurino Ramirez
Now at 1B: John Gallegos
Now at 3B: Mike Mellor
Now in LF: Andreas Frick
Now in CF: Bob Peterson
Now in RF: Carlos Martinez
Batting: RHB Jake Cummings 0-0: Foul Ball, location: 2F
0-1: Foul Ball, location: 5F
0-2: Strikes out looking
Batting: SHB Bobby Troutt 0-0: Ball
1-0: Foul Ball, location: 2F
1-1: Called Strike
1-2: Foul Ball, location: 2F
1-2: Strikes out swinging
Batting: RHB Jonathan Allen 0-0: Called Strike
0-1: Ball
1-1: Foul Ball, location: 9LDF
1-2: Strikes out looking
Top of the 7th over - 0 runs, 0 hits, 0 errors, 0 left on base; Gwinnett 1 - Indianapolis 3
BOTTOM OF THE 7TH
Indianapolis Indians batting - Pitching for Gwinnett Braves : RHP Mark Weeks
Batting: RHB John Gallegos 0-0: Ball
1-0: Fly out, F9 (Line Drive, 89M, EV 90.6 MPH)
Batting: RHB Kevin Wallace 0-0: Called Strike
0-1: Called Strike
0-2: Strikes out looking
Batting: RHB Santos Vazquez 0-0: Ball
1-0: Foul Ball, location: 25F
1-1: Foul Ball, location: 3DF
1-2: Ball
2-2: Foul Ball, location: 2F
2-2: Foul Ball, location: 2F
2-2: Ball
3-2: Strikes out swinging
Bottom of the 7th over - 0 runs, 0 hits, 0 errors, 0 left on base; Gwinnett 1 - Indianapolis 3
TOP OF THE 8TH
Gwinnett Braves batting - Pitching for Indianapolis Indians : RHP Taurino Ramirez
Pitching: RHP Kymani Gaines
Batting: RHB Arthur Dennis 0-0: Ball
1-0: Ground out 5-3 (Groundball, 56S, EV 90.0 MPH)
Batting: LHB Colin Garton 0-0: Called Strike
0-1: Swinging Strike
0-2: Ground out 4-3 (Groundball, 4S, EV 87.5 MPH)
Batting: RHB Nate Kovar 0-0: Ball
1-0: Called Strike
1-1: Foul Ball, location: 2F
1-2: Strikes out swinging
Top of the 8th over - 0 runs, 0 hits, 0 errors, 0 left on base; Gwinnett 1 - Indianapolis 3
BOTTOM OF THE 8TH
Indianapolis Indians batting - Pitching for Gwinnett Braves : RHP Mark Weeks
Batting: SHB Carlos Martinez 0-0: Ball
1-0: Ball
2-0: Called Strike
2-1: Swinging Strike
2-2: Ball
3-2: Ground out 5-3 (Groundball, 56, EV 84.4 MPH)
Batting: RHB Mike Mellor 0-0: Ball
1-0: Ball
2-0: Foul Ball, location: 9LDF
2-1: Ball
3-1: Base on Balls
Batting: RHB Andreas Frick 0-0: Called Strike
0-1: Ball
1-1: Ball
2-1: SINGLE (Line Drive, 78S, EV 105.6 MPH)
Mike Mellor to second
Batting: RHB Jon Velasquez 0-0: Foul Ball, location: 23F
0-1: Ball
1-1: Ball
2-1: Foul Ball, location: 2LF
2-2: Foul Ball, location: 9LSF
2-2: Ball
3-2: Strikes out swinging
Batting: SHB Bob Peterson 0-0: Fly out, F8 (Flyball, 8LM, EV 100.0 MPH)
Bottom of the 8th over - 0 runs, 1 hit, 0 errors, 2 left on base; Gwinnett 1 - Indianapolis 3
TOP OF THE 9TH
Gwinnett Braves batting - Pitching for Indianapolis Indians : RHP Kymani Gaines
Batting: LHB Casey Faler 0-0: SINGLE (Groundball, 6MD, EV 103.1 MPH)
Pinch Hitting: LHB Josh Burrowes 0-0: Called Strike
0-1: Grounds into double play, 4-6-3 (Groundball, 34S, EV 91.3 MPH)
Pinch Hitting: LHB Ramon Hernandez 0-0: Ball
1-0: Called Strike
1-1: Swinging Strike
1-2: Ball
2-2: Strikes out swinging
Top of the 9th over - 0 runs, 1 hit, 0 errors, 0 left on base; Gwinnett 1 - Indianapolis 3
Thursday, April 4th , 2024 - OOTP Baseball 24.11 Build 85